Map: Катализатор РВ

Players

ИИ 1 (новичок)

  • Race: Terran Terran
  • Spawn Location: 5:00

Doll - Winner!

  • Race: Zerg Zerg
  • Spawn Location: 11:00

VOD

Have the link to the VOD?

Description

Time

  • Played on: March 15, 2021, 2:50 p.m.
  • Length: 12:08
Show
View Real Time Build Order
Export as new Build Order

ИИ 1 (новичок) Terran 

Build Orders: Reaper Expand 

Get SALT Encoding   

  12  0:00  SCV  
  13  0:13  SCV  
  14  0:18  Supply Depot  
  14  0:42  Barracks  
  14  1:05  Command Center  
  14  1:28  Marine  
  14  1:31  Orbital Command, Supply Depot  
  15  1:38  Refinery  
  15  1:49  Refinery  
  15  1:57  SCV  
  16  2:09  SCV  
  17  2:18  Reaper  
  17  2:21  SCV  
  17  2:22  SCV  
  20  2:33  SCV  
  20  2:37  SCV  
  22  2:45  SCV  
  22  2:50  Refinery  
  22  2:51  SCV  
  23  2:58  SCV  
  23  3:00  Marine  
  24  3:06  SCV  
  24  3:13  SCV  
  24  3:20  SCV  
  25  3:27  SCV  
  26  3:34  SCV  
  26  3:35  Factory  
  27  3:43  Marine  
  28  3:58  Refinery  
  28  4:01  SCV  
  29  4:08  SCV  
  30  4:13  Supply Depot  
  30  4:15  SCV  
  31  4:22  SCV  
  31  4:23  Starport  
  32  4:26  Reaper  
  32  4:29  SCV  
  34  4:36  SCV  
  35  4:44  SCV  
  36  4:51  SCV  
  37  4:53  Supply Depot  
  37  4:58  SCV  
  38  5:00  Starport Tech Lab  
  38  5:05  SCV  
  39  5:09  Marine  
  39  5:12  SCV  
  41  5:19  SCV  
  41  5:20  Raven  
  44  5:27  SCV  
  45  5:34  SCV  
  46  5:52  Reaper  
  47  6:03  Raven  
  49  6:25  Barracks Tech Lab  
  49  6:43  Marine  
  50  7:26  Marine  
  51  8:09  Marauder  
  53  10:57  Reaper  
  53  11:04  Medivac  
  47  11:06  Supply Depot  
  46  11:27  SCV  
  46  11:29  Marauder  
  35  11:33  Supply Depot  
  35  11:39  SCV  
  33  11:45  Ghost Academy  
  26  11:51  SCV  
Show
View Real Time Build Order
Export as new Build Order

Doll Zerg - Winner!

Build Orders: Hatch First 

Get SALT Encoding   

  12  0:00  Drone  
  13  0:13  Overlord  
  13  0:18  Drone  
  14  0:31  Drone  
  14  0:32  Drone  
  16  0:35  Drone  
  17  0:57  Hatchery  
  17  0:58  Drone  
  17  1:02  Drone  
  18  1:06  Extractor  
  17  1:21  Spawning Pool  
  17  1:22  Drone  
  17  1:26  Drone  
  17  1:31  Drone  
  19  1:40  Overlord  
  19  1:51  Drone  
  20  2:09  Zergling x2  
  20  2:10  Queen x2, Zergling x2  
  20  2:12  Drone  
  27  2:24  Drone, Roach Warren  
  27  2:29  Drone, Extractor  
  27  2:33  Drone  
  27  2:36  Drone  
  29  2:42  Drone  
  30  3:03  Drone, Hatchery  
  30  3:04  Drone  
  30  3:09  Drone  
  30  3:11  Drone  
  32  3:14  Drone  
  32  3:19  Drone  
  33  3:20  Zergling x2  
  33  3:23  Zergling x2  
  35  3:28  Overlord  
  35  3:36  Lair  
  35  3:41  Overlord  
  35  3:45  Metabolic Boost  
  35  3:50  Drone x2  
  35  3:52  Drone  
  38  3:56  Drone  
  38  3:57  Drone  
  38  4:01  Roach  
  42  4:05  Roach  
  42  4:09  Roach  
  46  4:11  Roach  
  46  4:15  Roach  
  50  4:17  Roach  
  50  4:21  Roach  
  50  4:23  Roach  
  56  4:30  Spine Crawler  
  56  4:31  Overlord  
  55  4:35  Glial Reconstitution  
  55  4:38  Drone  
  56  4:39  Drone  
  56  4:43  Overlord  
  57  4:51  Drone  
  57  4:52  Drone  
  59  4:53  Hydralisk Den  
  59  4:57  Drone x2  
  59  4:58  Drone  
  62  5:00  Drone  
  62  5:02  Drone  
  62  5:03  Drone  
  62  5:05  Drone  
  66  5:07  Drone  
  66  5:09  Drone  
  66  5:11  Drone  
  66  5:12  Drone  
  69  5:19  Drone  
  69  5:20  Infestation Pit  
  69  5:25  Baneling Nest  
  69  5:27  Roach, Hydralisk  
  72  5:29  Hydralisk  
  72  5:32  Overlord  
  72  5:35  Overlord  
  74  5:37  Overlord  
  74  5:46  Extractor  
  74  5:47  Extractor  
  72  5:52  Drone x2, Evolution Chamber  
  72  5:53  Drone x3  
  72  5:54  Drone, Evolution Chamber x2  
  72  5:56  Drone x2  
  77  5:59  Drone  
  77  6:02  Drone  
  77  6:03  Drone  
  80  6:07  Drone  
  80  6:08  Drone  
  80  6:10  Overlord  
  82  6:12  Centrifical Hooks  
  82  6:16  Drone x2  
  84  6:19  Hydralisk  
  84  6:20  Zergling x2  
  84  6:22  Zergling x2  
  84  6:24  Infestor  
  90  6:27  Infestor  
  90  6:29  Hydralisk  
  90  6:31  Zergling x2  
  95  6:43  Zerg Melee Weapons Level 1  
  95  6:44  Zerg Missile Weapons Level 1  
  95  6:48  Drone x2, Hatchery  
  95  6:49  Drone  
  95  6:50  Drone x2  
  95  6:53  Drone x2  
  101  6:58  Extractor  
  101  6:59  Zerg Ground Armor Level 1, Extractor  
  99  7:03  Hydralisk  
  99  7:04  Hydralisk  
  99  7:06  Zergling x4  
  105  7:10  Overlord  
  105  7:11  Overlord  
  105  7:13  Overlord  
  105  7:26  Spire  
  105  7:29  Drone x4  
  109  7:30  Drone x2  
  109  7:31  Queen  
  109  7:35  Hive  
  112  7:40  Pneumatized Carapace  
  112  7:42  Zergling x6  
  112  7:43  Zergling x4  
  117  7:44  Zergling x2  
  117  7:50  Baneling x4  
  117  7:51  Baneling x3  
  118  7:53  Baneling  
  118  7:54  Baneling  
  118  7:55  Baneling  
  118  7:57  Baneling  
  118  7:58  Baneling  
  118  8:00  Drone x2  
  118  8:01  Drone x2, Queen  
  118  8:03  Baneling x2  
  118  8:04  Baneling x2  
  124  8:06  Baneling  
  124  8:07  Baneling  
  124  8:09  Baneling  
  124  8:14  Drone x3  
  124  8:15  Overlord x2  
  124  8:16  Swarm Host  
  124  8:18  Swarm Host  
  133  8:23  Swarm Host  
  136  8:27  Overlord x2  
  136  8:29  Overlord  
  136  8:31  Overseer  
  136  8:32  Overseer  
  136  8:34  Hydralisk  
  136  8:36  Roach, Hydralisk  
  136  8:38  Roach  
  136  8:41  Hydralisk  
  144  8:45  Hydralisk  
  144  8:47  Hydralisk  
  150  8:49  Roach  
  150  8:54  Ravager  
  153  8:58  Ravager  
  153  9:00  Drone x2  
  153  9:01  Drone  
  157  9:07  Drone x5, Overlord  
  157  9:08  Overlord x2  
  162  9:10  Adrenal Glands  
  162  9:15  Extractor  
  161  9:18  Drone x2, Extractor  
  161  9:19  Drone x3  
  161  9:20  Drone  
  166  9:24  Hydralisk x2  
  166  9:27  Greater Spire  
  166  9:29  Roach  
  166  9:30  Roach  
  174  9:35  Hydralisk  
  174  9:36  Hydralisk  
  178  9:38  Hydralisk  
  178  9:43  Hydralisk  
  178  9:44  Hydralisk  
  184  9:47  Hydralisk  
  184  9:50  Roach x2  
  190  9:54  Hydralisk  
  190  9:56  Hydralisk  
  194  10:06  Roach x3  
  200  10:11  Hatchery  
  199  10:16  Hatchery  
  198  10:33  Ravager  
  198  10:35  Ravager  
Tags
 
Add a new tag
Caveats
  • Supply blocks, unpowered buildings, or Contaminate may cause inaccurate times.
  • Supply counts are checked every 10 seconds.